 Dungeon Crawl Stone Soup version 0.19.1-1-g22dce08 (webtiles) character file.

611 Oxelix the Skirmisher (level 7, -3/61 HPs)
             Began as a Hill Orc Monk on Dec 28, 2016.
             Was a Priest of Cheibriados.
             Slain by a gnoll sergeant
             ... wielding a +2 spear of venom
              (5 damage)
             ... on level 4 of the Dungeon.
             The game lasted 00:31:03 (5225 turns).

Oxelix the Skirmisher (Hill Orc Monk)               Turns: 5225, Time: 00:31:04

Health: -3/61      AC:  6    Str: 23    XL:     7   Next: 44%
Magic:  9/9        EV: 14    Int: 18    God:    Cheibriados [***...]
Gold:   264        SH:  0    Dex: 22    Spells: 3 memorised, 6 levels left

rFire  . . .     SeeInvis .     z - +7 halberd
rCold  . . .     Gourm    .     d - +1 leather armour
rNeg   . . .     Faith    .     (shield currently unavailable)
rPois  .         Spirit   .     g - +2 hat
rElec  .         Reflect  .     (no cloak)
rCorr  .         Harm     .     (no gloves)
MR     .....                    (no boots)
Stlth  +.........               k - amulet of regeneration
                                (no ring)
                                (no ring)

@: confused, lethally poisoned (-3 -> -10), very slow
A: no striking features
a: Bend Time, Temporal Distortion, Renounce Religion


You were on level 4 of the Dungeon.
You worshipped Cheibriados.
Cheibriados was most pleased with you.
You were not hungry.

You visited 1 branch of the dungeon, and saw 4 of its levels.

You collected 264 gold pieces.

Inventory:

Hand Weapons
 a - a +0 spear
 o - a +0 whip
 p - a +6 whip
 r - a +0 hunting sling
 y - a +0 quarterstaff
 z - a +7 halberd (weapon)
Missiles
 c - a throwing net
 e - 8 poisoned tomahawks (quivered)
 i - 12 tomahawks
 s - 54 stones
Armour
 b - a +0 robe
 d - a +1 leather armour (worn)
 f - a +0 robe
 g - a +2 hat (worn)
 u - a +0 leather armour
Jewellery
 k - an amulet of regeneration (around neck)
Scrolls
 h - 5 scrolls of identify
 l - a scroll of recharging
 v - a scroll of enchant armour
Books
 m - a book of Cantrips

   Spells                             Type                      Level
   a - Confusing Touch                Hexes                        1
   b - Animate Skeleton               Necromancy                   1
   c - Summon Small Mammal            Summoning                    1
   d - Apportation                    Translocation                1
Comestibles
 n - a meat ration
 t - a beef jerky
 w - 4 chunks of flesh
 x - a bread ration


   Skills:
 + Level 5.0 Fighting
 + Level 4.8 Polearms
 + Level 2.1 Armour
 + Level 3.6 Dodging
 - Level 1.9 Stealth
 - Level 2.4 Unarmed Combat
 + Level 1.8 Spellcasting
 + Level 2.6 Hexes


You had 6 spell levels left.
You knew the following spells:

 Your Spells              Type           Power        Failure   Level  Hunger
a - Confusing Touch       Hex            ##....       10%         1    #......
b - Apportation           Tloc           #.........   24%         1    #......
c - Animate Skeleton      Necr           N/A          24%         1    #......


Dungeon Overview and Level Annotations

Branches:
Dungeon (4/15)
 Temple: D:4-7

Altars:
Cheibriados
Elyvilon
Nemelex Xobeh
Uskayaw


Message History

* * * LOW HITPOINT WARNING * * *
The gnoll shaman hits you with a whip.
* * * LOW HITPOINT WARNING * * *
The orc misses you.
The gnoll sergeant hits you but does no damage.
You're too confused!
You're too confused!
You're too confused!
You're too confused!
You aren't carrying any potions.
You closely miss the gnoll shaman.
The gnoll shaman is heavily wounded.
* * * LOW HITPOINT WARNING * * *
You feel sick.
The gnoll sergeant hits you from afar with a spear of venom.
* * * LOW HITPOINT WARNING * * *
The gnoll shaman completely misses you. The orc hits you with a dagger.
* * * LOW HITPOINT WARNING * * *
The gnoll sergeant hits you from afar with a spear of venom.
You die...

.≈≈≈....### .≈≈≈....#.. #..g.
#'###≈≈P...#.#
###''''#############...#≈≈....#..
........)...)......#...#≈≈....#<.
≈≈≈....≈≈≈≈≈≈≈≈≈≈≈≈#####≈≈....#.#
≈≈≈....o≈≈≈≈≈≈≈≈≈≈≈≈≈≈≈≈≈≈....#..
≈≈≈....≈≈≈≈≈≈≈≈g≈≈≈≈≈≈≈≈≈≈....#.#
........)).).)gg@.......P.....#..
........))..)).o.................
..#.).).......))#######.###.####.
#.#.###########.# #.# #.#....
..#.#.........#.# #.# #.#.###
..#....####.#.#.. #..##.#.#
.####### #.#.##### ....#.#.# .#
###.#...# .#..#.#.### .# #...#.#
. #.#.#....


You could see a gnoll sergeant, 2 gnoll shamans and an orc.

Vanquished Creatures
  The ghost of tillrobby the Shield-Bearer, an amateur HuFi (D:3)
  A scorpion (D:4)
  An orc priest (D:3)
  A bullfrog skeleton (D:4)
  A worker ant (D:4)
  An iguana (D:4)
  20 gnolls (D:4)
  5 adders
  2 oozes
  A worm (D:2)
  3 dart slugs
  2 leopard geckos
  11 orcs
  6 bats
  4 giant cockroaches
  15 goblins
  9 hobgoblins
  18 jackals
  3 quokkas
  2 ball pythons (D:2)
  2 frilled lizards
  9 kobolds
  7 rats
125 creatures vanquished.

Notes
Turn   | Place    | Note
-------+----------+-------------------------------------------
     0 | D:1      | Oxelix the Hill Orc Monk began the quest for the Orb.
     0 | D:1      | Reached XP level 1. HP: 19/19 MP: 1/1
   496 | D:1      | Reached XP level 2. HP: 27/27 MP: 2/2
   823 | D:2      | Learned a level 1 spell: Confusing Touch
   901 | D:2      | Reached XP level 3. HP: 33/33 MP: 1/3
  1023 | D:2      | Reached skill level 4 in Fighting
  1424 | D:2      | Learned a level 1 spell: Apportation
  1752 | D:2      | Found a faded altar of an unknown god.
  1809 | D:2      | Became a worshipper of Cheibriados the Contemplative
  1809 | D:2      | Reached * piety under Cheibriados
  1809 | D:2      | Reached ** piety under Cheibriados
  1930 | D:2      | Reached *** piety under Cheibriados
  2144 | D:2      | Reached XP level 4. HP: 37/40 MP: 4/4
  2429 | D:3      | Noticed tillrobby's ghost (amateur HuFi)
  2990 | D:2      | Reached skill level 1 in Unarmed Combat
  3055 | D:2      | Learned a level 1 spell: Animate Skeleton
  3218 | D:3      | Killed tillrobby's ghost
  3218 | D:3      | Reached skill level 1 in Hexes
  3218 | D:3      | Reached XP level 5. HP: 17/47 MP: 1/6
  3481 | D:3      | Reached skill level 1 in Spellcasting
  3593 | D:3      | Reached **** piety under Cheibriados
  3593 | D:3      | Reached XP level 6. HP: 53/53 MP: 7/7
  4317 | D:4      | Reached skill level 1 in Armour
  4951 | D:4      | Found a sparkling altar of Nemelex Xobeh.
  5010 | D:4      | Found a hide-covered altar of Uskayaw.
  5011 | D:4      | Reached XP level 7. HP: 60/60 MP: 9/9
  5012 | D:4      | Found a white marble altar of Elyvilon.
  5206 | D:4      | Reached skill level 5 in Fighting
  5215 | D:4      | HP: 1/61 [gnoll/whip (8)]
  5225 | D:4      | HP: 2/61 [orc/dagger (4)]
  5225 | D:4      | Slain by a gnoll sergeant

Skill      XL: |  1  2  3  4  5  6  7 |
---------------+----------------------+-----
Fighting       | 4 5 |  5.0
Dodging        | 3 |  3.6
Unarmed Combat | 2 |  2.4
Polearms       | 4 |  4.8
Hexes          | 1 2 |  2.6
Spellcasting   | 1 |  1.8
Armour         | 1 2 |  2.1
Stealth        | |  1.9

Action                   |  1- 3 |  4- 6 |  7- 9 || total
-------------------------+-------+-------+-------++-------
Melee: Spear             |    90 |       |       ||    90
       Unarmed           |   120 |    56 |       ||   176
       Whip              |       |   177 |    10 ||   187
       Punch             |       |     4 |     1 ||     5
       Halberd           |       |       |    19 ||    19
 Fire: Hunting sling     |       |     8 |       ||     8
 Cast: Confusing Touch   |     5 |     2 |       ||     7
       Apportation       |     1 |       |       ||     1
Invok: Bend Time         |     1 |       |       ||     1
       Temporal Distorti |       |     2 |       ||     2
       Slouch            |       |     1 |     2 ||     3
  Use: Scroll            |     6 |     3 |       ||     9
       Potion            |     4 |     1 |     4 ||     9
 Stab: Sleeping          |     5 |     6 |     1 ||    12
       Confused          |     3 |     1 |       ||     4
  Eat: Chunk             |     1 |     4 |     1 ||     6
       Bread ration      |     1 |       |       ||     1
Armor: Leather armour    |     7 |    52 |     8 ||    67
       Robe              |    55 |    41 |       ||    96
Dodge: Dodged            |   164 |   294 |    52 ||   510
